 Dungeon Crawl Stone Soup version 0.31.0-12-g77e489cdc1 (webtiles) character file.

Game seed: 17682583388749465147

2370 Logoto the Cleaver (level 9, -6/118 HPs)
             Began as a Hill Orc Berserker on Feb 20, 2024.
             Was a Priest of Trog.
             Killed from afar by an electric eel (17 damage)
             ... with a bolt of electricity
             ... on level 7 of the Dungeon.
             The game lasted 00:19:09 (6868 turns).

Logoto the Cleaver (Hill Orc Berserker)             Turns: 6868, Time: 00:19:10

Health: -6/118     AC:  6    Str: 22    XL:     9   Next: 45%
Magic:  9/9        EV: 12    Int:  7    God:    Trog [***...]
Gold:   193        SH:  4    Dex: 12    Spells: 8/8 levels left

rFire   . . .        a - +4 war axe (venom)
rCold   . . .        m - +0 buckler
rNeg    . . .        n - +3 leather armour
rPois   .            (no helmet)
rElec   .            (no cloak)
rCorr   .            (no gloves)
SInv    .            (no boots)
Will    .....        (no amulet) Stlth
                     (no ring)
HPRegen 0.39/turn    (no ring)
MPRegen 0.11/turn

%: no passive effects
@: berserking (expiring), slow
A: no striking features
a: Renounce Religion, Berserk, Trog's Hand


You were on level 7 of the Dungeon.
You worshipped Trog.
Trog was most pleased with you.
You visited 1 branch of the dungeon, and saw 7 of its levels.

You collected 355 gold pieces.
You spent 162 gold pieces at shops.

Inventory:

Hand Weapons
 a - a +4 war axe of venom (weapon)
 o - a +2 dagger of venom
 q - a +4 whip
Armour
 m - a +0 buckler (worn)
 n - a +3 leather armour (worn)
 s - the +0 leather armour "Latagg" {rElec rN+}
   (You found it on level 4 of the Dungeon)

   rElec:     It insulates you from electricity.
   rN+:       It protects you from negative energy.
 A - the +1 leather armour of Juackeh {rC+ rN+}
   (You found it on level 7 of the Dungeon)

   rC+:       It protects you from cold.
   rN+:       It protects you from negative energy.
Wands
 r - a wand of paralysis (8)
 u - a wand of roots (10)
 y - a wand of polymorph (8)
Scrolls
 b - 3 scrolls of enchant weapon {unknown}
 c - 3 scrolls of identify {unknown}
 k - a scroll of poison {unknown}
 l - 4 scrolls of teleportation {unknown}
 p - 2 scrolls of fear {unknown}
 v - 3 scrolls of brand weapon {unknown}
 w - a scroll of enchant armour {unknown}
Potions
 d - 2 potions of might {unknown}
 e - 2 potions of invisibility {unknown}
 f - 4 potions of curing
 g - a potion of cancellation {unknown}
 h - 2 potions of heal wounds {unknown}
 i - a potion of mutation {unknown}
 j - a potion of degeneration {unknown}
 t - a potion of brilliance {unknown}
 x - a potion of lignification {unknown}
 z - a potion of attraction {unknown}


   Skills:
 + Level 7.3 Fighting
 + Level 11.6 Axes
 + Level 5.2 Armour
 + Level 4.1 Dodging
 + Level 1.9 Stealth
 + Level 2.4 Shields


You had 8 spell levels left.
You didn't know any spells.
Your spell library was empty.

Dungeon Overview and Level Annotations

Branches:
Dungeon (7/15)             Temple (0/1) D:6

Altars:
Fedhas
Gozag
Hepliaklqana
Makhleb
Wu Jian

Shops:
D:3 [(:


Message History

The bolt of electricity hits the plant!
The bolt of electricity hits you!
The bolt of electricity hits the plant!
Your unstable footing causes you to fumble your attack.
An electric eel comes into view.
The electric eel shoots out a bolt of lightning at you!
The bolt of electricity hits the plant!
The bolt of electricity hits you!
The bolt of electricity hits the plant!
You slash the electric eel!
You kill the electric eel!
Trog accepts your kill.
You hear a splash.
You slash the plant! x2; A nearby plant withers and dies.
You slash the plant!
The plant looks as sick as possible!
The plant is heavily damaged.
A nearby plant withers and dies.
The electric eel shoots out a bolt of lightning at you!
The bolt of electricity hits the plant!
The plant begins to die.
The bolt of electricity hits you.
The electric eel shoots out a bolt of lightning at you!
The bolt of electricity misses you.
The electric eel shoots out a bolt of lightning at you!
The bolt of electricity hits you!
Your unstable footing causes you to fumble your attack.
The electric eel shoots out a bolt of lightning at you!
The bolt of electricity hits the plant.
The plant begins to die.
The bolt of electricity hits the plant.
The bolt of electricity hits you!
* * * LOW HITPOINT WARNING * * *
Your unstable footing causes you to fumble your attack.
A nearby plant withers and dies.
The electric eel shoots out a bolt of lightning at you!
The bolt of electricity hits you!
* * * LOW HITPOINT WARNING * * *
Your unstable footing causes you to fumble your attack.
The electric eel shoots out a bolt of lightning at you!
The bolt of electricity hits you!
* * * LOW HITPOINT WARNING * * *
The electric eel shoots out a bolt of lightning at you!
The bolt of electricity hits the plant!
The plant begins to die.
The bolt of electricity hits you!
You die...

~PP~~~~♣~....#.~.~.#.~~~~P
~~~~~~~~~....#.~~~..~~♣♣P♣
~~~SP~~♣~♣...##.~~.P~~♣
~≈≈≈~~~~~....##.~))P~P♣
~~≈≈≈≈~~~♣...####)#.~P♣
≈~≈≈≈≈†~~♣...# #.#.P~♣
≈≈≈≈≈≈≈~♣♣...# #.##P~P~
≈≈≈≈≈≈≈S~♣...# #.# .#.~P.
≈≈≈≈≈≈≈~P@...# #.# .##PPP
≈≈≈≈≈≈≈≈~♣..## #.# .# ##.
≈≈≈≈≈≈≈≈~♣♣.# #.#
~≈≈≈≈≈~≈~~ $# ###.#
≈≈≈≈≈≈≈P~~ .# #...#
~≈≈≈≈~♣~PP..# #.####.#
~~≈≈~~P♣~### #......# ~~P
~P ##..##### #..##


You could see 2 electric eels.

Vanquished Creatures
  Grinder (D:3)
  A wyvern (D:6)
  A sky beast (D:6)
  An orc warrior (D:6)
  A black bear (D:6)
  An ice beast (D:5)
  2 ogres (D:6)
  3 phantoms
  A scorpion (D:4)
  2 electric eels (D:7)
  4 bombardier beetles
  3 howler monkeys
  4 gnoll boudas
  A hound (D:5)
  2 jellies (D:5)
  3 orc priests
  2 sleepcaps
  Jessica (D:3)
  3 iguanas (D:5)
  2 orc wizards
  16 gnolls
  11 adders
  3 dart slugs
  5 ribbon worms
  15 orcs
  11 bats
  10 endoplasms
  4 giant cockroaches
  7 goblins
  7 hobgoblins
  7 jackals (D:1)
  5 quokkas
  8 ball pythons
  2 frilled lizards (D:2)
  9 kobolds
  6 rats
165 creatures vanquished.

Notes
Turn   | Place    | Note
-------+----------+-------------------------------------------
     0 | D:1      | Logoto the Hill Orc Berserker began the quest for the Orb.
     0 | D:1      | Reached XP level 1. HP: 19/19 MP: 1/1
   134 | D:1      | Reached XP level 2. HP: 26/27 MP: 2/2
   397 | D:1      | Reached XP level 3. HP: 30/33 MP: 3/3
   557 | D:1      | You fall into a shaft and drop 1 floor!
   587 | D:2      | Reached ** piety under Trog
   588 | D:2      | Reached skill level 5 in Axes
  1092 | D:2      | Reached XP level 4. HP: 41/41 MP: 4/4
  1120 | D:2      | Found a burning altar of Makhleb.
  1925 | D:3      | Noticed Grinder
  1942 | D:3      | Killed Grinder
  1943 | D:3      | Reached skill level 6 in Axes
  1943 | D:3      | Reached XP level 5. HP: 44/47 MP: 5/5
  1943 | D:3      | Reached XP level 6. HP: 52/55 MP: 6/6
  2232 | D:3      | Reached skill level 7 in Axes
  2248 | D:3      | Noticed Jessica
  2662 | D:3      | Killed Jessica
  2907 | D:3      | Found Cunicke's Book Shoppe.
  2958 | D:3      | Found Titaboff's Antique Armour Emporium.
  2993 | D:3      | Found Hyges's Antique Weapon Emporium.
  3031 | D:3      | Bought a glowing war axe for 162 gold pieces
  3187 | D:3      | Reached XP level 7. HP: 53/60 MP: 7/7
  3496 | D:4      | Reached skill level 5 in Fighting
  3675 | D:4      | Reached skill level 1 in Stealth
  3737 | D:4      | Identified the +0 leather armour "Latagg" {rElec rN+}
  3847 | D:4      | Reached skill level 8 in Axes
  4235 | D:5      | Entered Level 5 of the Dungeon
  4508 | D:5      | Reached skill level 1 in Shields
  4508 | D:5      | Reached XP level 8. HP: 64/70 MP: 8/8
  4545 | D:5      | Reached *** piety under Trog
  4601 | D:5      | Reached skill level 9 in Axes
  4768 | D:5      | Found an opulent altar of Gozag.
  4944 | D:5      | Found a blossoming altar of Fedhas.
  5097 | D:6      | Noticed a wyvern
  5304 | D:6      | Killed a wyvern
  5341 | D:5      | Reached skill level 10 in Axes
  5557 | D:6      | Found an ornate altar of the Wu Jian Council.
  5646 | D:6      | Reached skill level 5 in Armour
  5927 | D:6      | Reached XP level 9. HP: 78/78 MP: 9/9
  6135 | D:6      | Found a staircase to the Ecumenical Temple.
  6152 | D:6      | Reached skill level 11 in Axes
  6296 | D:6      | Found a hazy altar of Hepliaklqana.
  6756 | D:7      | Identified the +1 leather armour of Juackeh {rC+ rN+}
  6868 | D:7      | Killed from afar by an electric eel

Illustrated notes

Levels and vault maps discovered:
D:1:      doesnt_arrival_eight_statues, layout_basic
D:2:      minmay_recursive_quarters, layout_basic, basic_altar,
          minmay_misc_feat_roman, minmay_misc_feat_columns, st_stairs_6,
          mrwooster_statue_mirror
D:3:      wad_river_or_something, layout_basic, serial_shops,
          nicolae_shop_tiny_waterfront, nicolae_book_shop_shelving, shop,
          kennysheep_cross_room, uniq_grinder, uniq_jessica
D:4:      layout_basic
D:5:      layout_cave_pools, mainiacjoe_overflow_alcove_1,
          grunt_gozag_breadcrumbs, st_stairs_11
D:6:      layout_basic, mainiacjoe_overflow_cross_hatched, lemuel_round_altar,
          temple_fountains
D:7:      layout_basic, grunt_temple_overflow_open, serial_bayou,
          serial_bayou_lake_a, serial_bayou_pond_e, serial_bayou_pond_c,
          serial_bayou_lagoon_a, nicolae_shop_vocational

Skill      XL: |  1  2  3  4  5  6  7  8  9 |
---------------+----------------------------+-----
Fighting       | 4 5 6 7 |  7.3
Axes           | 5 6 7 8 10 11 | 11.6
Dodging        | 2 3 4 |  4.1
Armour         | 4 5 |  5.2
Stealth        | 1 |  1.9
Shields        | 1 2 |  2.4

Action                     |  1- 3 |  4- 6 |  7- 9 || total
---------------------------+-------+-------+-------++-------
  Melee: Hand axe          |   111 |   136 |       ||   247
         Punch             |     1 |       |       ||     1
         War axe           |       |     3 |   192 ||   195
 Invoke: Berserk           |     3 |     6 |    13 ||    22
    Use: Potion            |       |       |     1 ||     1
   Stab: Distracted        |       |     1 |       ||     1
         Sleeping          |       |     1 |     2 ||     3
 Armour: Animal skin       |     6 |       |       ||     6
         Ring mail         |    74 |    24 |       ||    98
         Leather armour    |       |    51 |   133 ||   184
  Dodge: Dodged            |    70 |    63 |   111 ||   244
  Block: Buckler           |       |    13 |    32 ||    45
